AoeStats
← joeya4

Lombardia

509943581Analyzed
2v2 RM · 3d ago on Sep 28, 2026· 41m 16s· 4 players
Game mode
Random Map
Map size
Medium (4 player)
Population
200
Speed
Normal
Resources
Standard
Victory
Conquest
Starting age
Dark Age
Ending age
Imperial Age
RankedLock teamsTeams togetherTeam positionsShared explorationLock speedFull tech treeHidden civsTurbo modeCheats
Victory
Defeat
🇺🇸 Saracens · United States
1430
+14
🇺🇸 Italians · United States
1416
+14
🇹🇷 Saxons · Türkiye
1377
-14
🇹🇷 Varangians · Türkiye
1377
-14
DNA
5:07 Loom
9:33 Feudal Age
10:46 Double-Bit Axe
13:41 Bloodlines
25:20 Castle Age
23:30 Scale Barding Armor
23:36 Forging
23:35 Gold Mining
26:34 Chain Barding Armor
LunaticRider
3:12 Loom
5:16 Loom
9:33 Feudal Age
10:31 Double-Bit Axe
12:20 Fletching
12:24 Horse Collar
15:22 Padded Archer Armor
18:29 Town Watch
24:37 Castle Age
24:43 Crossbowman
25:44 Bow Saw
26:00 Bodkin Arrow
29:54 Leather Archer Armor
35:47 Scale Mail Armor
37:29 Forging
joeya4
6:14 Loom
9:06 Feudal Age
10:13 Double-Bit Axe
10:10 Horse Collar
17:19 Scale Barding Armor
17:43 Bloodlines
18:57 Wheelbarrow
18:33 Forging
22:07 Castle Age
23:13 Chain Barding Armor
22:57 Husbandry
22:57 Gold Mining
23:18 Bow Saw
33:56 Iron Casting
36:46 Imperial Age
37:21 Town Watch
37:52 Hand Cart
40:22 Blast Furnace
39:59 Plate Barding Armor
41:37 Two-Man Saw
41:11 Spies/Treason
FixiHartman
7:14 Loom
8:59 Feudal Age
12:33 Fletching
15:17 Horse Collar
21:54 Castle Age
20:04 Gold Mining
20:00 Double-Bit Axe
21:31 Padded Archer Armor
22:32 Bodkin Arrow
21:58 Crossbowman
23:40 Leather Archer Armor
24:34 Ballistics
25:53 Bow Saw
27:41 Wheelbarrow
28:38 Thumb Ring
29:02 Heavy Plow
37:12 Imperial Age
35:00 Hand Cart
35:25 Town Watch
37:19 Arbalester
38:16 Bracer
38:46 Ring Archer Armor
39:18 Chemistry
37:44 Capped Ram
Connection lost

Rejoining the realm…

Still unreachable

The connection could not be restored.

Session expired

The server has moved on; the page needs a fresh start.